cohdb
Replays
Latest Replays
All Replays
Popular Replays
Top Player Replays
Match Explorer
How It Works
Community
CoH3 Stats
Reddit
Sign in to upload your games and track your stats! →
Sign in with Steam
Match 42480666
Unlisted
Match 42480666
Overview
Messages
Build Orders
End
Construct Infanterie Kompanie
Grenadier Squad
Selects Terror Battlegroup
Grenadier Squad
Selects Machine Gun Camouflage
MG 42 Machine Gun Team
GrW 34 Mortar Team
Construct Panzergrenadier Kompanie
Selects Contempt for the Weak
Pak 40 Anti-tank Gun Team
251 Medium Carrier
Panzergrenadier Squad
Support Elements
Nebelwerfer 42 Rocket Launcher Team
Selects Propaganda Leaflet Drop
Propaganda Leaflet Drop
Nebelwerfer 42 Rocket Launcher Team
Construct Panzer Kompanie
Propaganda Leaflet Drop
MG 42 Bunker
Panzer IV Medium Tank
Propaganda Leaflet Drop
Pioneer Squad
Selects V1 Rocket Strike
Panzer IV Medium Tank
Panzer IV Medium Tank
Stoßtruppen Squad
Panzer Officer Quarters
V1 Rocket Strike
Pak 40 Anti-tank Gun Team
Selects Defend the Fatherland
V1 Rocket Strike
Panzer IV Medium Tank
MG 42 Bunker
Side Skirts
BATTLEDANNY1
GG Shermi
.
BileDiver吐酸披风虫
罐头鸟巢
Bismarck
綾目
MonikaのPants
0
0
Comments
sign in to comment!
No comments posted yet!